 Dungeon Crawl Stone Soup version 0.23-a0-352-geaabbf3 (webtiles) character file.

18 Cryolive the Caller (level 2, -4/19 HPs)
             Began as a Merfolk Summoner on Oct 20, 2018.
             Slain by a goblin
             ... wielding a +4 dagger of electrocution
              (6 damage)
             ... on level 2 of the Dungeon.
             The game lasted 00:07:33 (947 turns).

Cryolive the Caller (Merfolk Summoner)               Turns: 947, Time: 00:07:33

Health: -4/19      AC:  5    Str:  8    XL:     2   Next: 70%
Magic:  3/5        EV: 11    Int: 14    God:
Gold:   54         SH:  0    Dex: 14    Spells: 4/5 levels left

rFire    . . .     SeeInvis .   f - -1 spear (curse)
rCold    . . .     Gourm    +   (no shield)
rNeg     . . .     Faith    .   m - +0 ring mail
rPois    .         Spirit   .   (no helmet)
rElec    .         Reflect  .   (no cloak)
rCorr    .         Harm     .   (no gloves)
MR       .....                  (no boots)
Stlth    +.........             e - amulet of the gourmand
HPRegen  0.06/turn              (no ring)
MPRegen  0.09/turn              (no ring)

@: no status effects
A: change form in water, swift swim, stealthy swim
a: no special abilities


You were on level 2 of the Dungeon.
You were not hungry.

You visited 1 branch of the dungeon, and saw 2 of its levels.

You collected 54 gold pieces.

Inventory:

Hand Weapons
 f - a cursed -1 spear (weapon)
Missiles
 b - 36 stones (quivered)
Armour
 a - a +0 robe
 m - a +0 ring mail (worn)
Jewellery
 e - an amulet of the gourmand (around neck)
Scrolls
 g - a scroll of blinking {unknown}
 h - a scroll of noise {unknown}
 i - a scroll of amnesia {unknown}
 j - a scroll of identify {unknown}
 l - a scroll of remove curse {unknown}
Potions
 d - a potion of heal wounds {unknown}
 k - 4 potions of curing {unknown}
Comestibles
 c - a ration


   Skills:
 + Level 3.0 Dodging
 + Level 2.2 Stealth
 + Level 2.3 Spellcasting
 + Level 4.4 Summonings


You had 4 spell levels left.
You knew the following spells:

 Your Spells              Type           Power        Failure   Level  Hunger
a - Summon Small Mammal   Summ           ##..         12%         1    #......

Your spell library contained the following spells:

 Spells                   Type           Power        Failure   Level  Hunger
 Call Imp                 Summ           ##......     19%         2    ###....
 Call Canine Familiar     Summ           ##......     34%         3    ###....
 Summon Guardian Golem    Hex/Summ       #.......     65%         3    ###....
 Summon Ice Beast         Ice/Summ       #.......     96%         4    #####..
 Summon Lightning Spire   Summ/Air       #.......     96%         4    #####..


Dungeon Overview and Level Annotations

Branches:
Dungeon (2/15)

Altars:


Message History

Your bat misses the goblin.
Your bat closely misses the goblin.
The goblin closely misses you.
You miss the goblin.
The goblin is heavily wounded.
Your bat barely misses the goblin.
Your bat hits the adder. Your bat misses the adder.
The goblin barely misses you. The adder bites you but does no damage.
Your bat misses the adder.
Your magical contamination has completely faded away.
You swap places.
Your bat hits the goblin. The adder bites your rat.
The goblin hits your rat with a +4 dagger of electrocution.
Your rat dies!
Your rat's corpse disappears in a puff of smoke!
Your bat closely misses the goblin.
The adder bites your quokka.
Your quokka dies!
Your quokka's corpse disappears in a puff of smoke!
Your bat misses the goblin.
Your bat barely misses the adder.
Your bat closely misses the adder.
The goblin hits you with a +4 dagger of electrocution.
You die...

### ... .... ###
.... #.. ... #....
#.# #.# ..#)#
##.###..#
....##..#...#
#.....<.### #
#.....####...
###@.........
###g#####....
...##..S# .. ..
#.....b.###.#....
.....#.#....b$....
.......###b.##....
..##..# #.## # .
#.. ..# #.# .##


You could see an adder, a goblin and a friendly bat.

Vanquished Creatures
  A dart slug (D:2)
  A goblin (D:1)
  A hobgoblin (D:1)
  3 jackals (D:1)
  A kobold (D:1)
7 creatures vanquished.

Vanquished Creatures (collateral kills)
  2 hobgoblins (D:1)
  4 jackals (D:1)
  A ball python (D:1)
  2 bats (D:1)
  2 frilled lizards (D:1)
  A goblin (D:1)
  A kobold (D:1)
  2 rats
15 creatures vanquished.

Grand Total: 22 creatures vanquished

Notes
Turn   | Place    | Note
-------+----------+-------------------------------------------
     0 | D:1      | Cryolive the Merfolk Summoner began the quest for the Orb.
     0 | D:1      | Reached XP level 1. HP: 13/13 MP: 3/3
   396 | D:1      | Reached XP level 2. HP: 19/19 MP: 0/5
   937 | D:2      | Noticed a sky beast
   947 | D:2      | Slain by a goblin

Vault maps used:
D:1:      lightli_arrival_boilingwater
D:2:      lemuel_crystal_altar

Skill      XL: |  1  2 |
---------------+-------+-----
Dodging        | 3 |  3.0
Stealth        | |  2.2
Spellcasting   | |  2.3
Summonings     | |  4.4

Action                   || total
-------------------------++-------
Melee: Spear             ||    28
       Unarmed           ||     3
 Cast: Summon Small Mamm ||    47
 Stab: Distracted        ||     2
  Eat: Ration            ||     1
Armor: Robe              ||    14
       Ring mail         ||     1
Dodge: Dodged            ||    52

Table legend:
 A = Non-vault XP
 B = Vault XP
 C = Vault XP percentage of total XP
 D = Non-vault monster count
 E = Vault monster count
 F = Vault count percentage of total count
                 A         B        C        D         E       F
            +---------+---------+-------+---------+---------+-------
      Total |      27 |       0 |   0.0 |      22 |       0 |   0.0
            +---------+---------+-------+---------+---------+-------
        D:1 |      23 |       0 |   0.0 |      20 |       0 |   0.0
        D:2 |       4 |       0 |   0.0 |       2 |       0 |   0.0
            +---------+---------+-------+---------+---------+-------
